 Dungeon Crawl Stone Soup version 0.19.0-11-g3fc08b3 (webtiles) character file.

9 Gargoyl the Skirmisher (level 2, 10/24 HPs)
             Began as a Demonspawn Abyssal Knight on Nov 9, 2016.
             Was a Follower of Lugonu.
             Quit the game on level 2 of the Dungeon.
             The game lasted 00:01:44 (863 turns).

Gargoyl the Skirmisher (Demonspawn Abyssal Knight)   Turns: 863, Time: 00:01:45

Health: 10/24      AC:  8    Str: 12    XL:     2   Next: 6%
Magic:  3/3        EV:  4    Int: 13    God:    Lugonu [*.....]
Gold:   41         SH:  3    Dex: 12    Spells: 0 memorised, 1 level left

rFire  . . .     SeeInvis .     a - +1 hand axe
rCold  . . .     Gourm    .     e - +0 chain mail
rNeg   . . .     Faith    .     g - +0 buckler (curse)
rPois  .         Spirit   +     (no helmet)
rElec  .         Reflect  .     (no cloak)
rCorr  .         Harm     .     (no gloves)
MR     .....                    (no boots)
Stlth  ..........               (no amulet)
                                (no ring)
                                (no ring)

@: no status effects
A: magic shield
a: Depart the Abyss, Renounce Religion


You were on level 2 of the Dungeon.
You worshipped Lugonu.
Lugonu was aware of your devotion.
You were not hungry.

You visited 1 branch of the dungeon, and saw 2 of its levels.
You visited the Abyss 1 time.

You collected 41 gold pieces.

Inventory:

Hand Weapons
 a - a +1 hand axe (weapon)
Armour
 e - a +0 chain mail (worn)
 g - a cursed +0 buckler (worn)
 n - a +0 pair of gloves
Scrolls
 d - a scroll of enchant armour {unknown}
 h - a scroll of magic mapping {unknown}
 k - a scroll of recharging {unknown}
Potions
 b - a potion of haste {unknown}
 i - 2 potions of curing {unknown}
 l - a potion of might {unknown}
Comestibles
 c - 3 bread rations
 f - a royal jelly
 j - a meat ration
 m - a chunk of flesh


   Skills:
 + Level 3.4 Fighting
 + Level 1.7 Axes
 * Level 1.9 Armour
 + Level 1.0 Dodging
 * Level 2.4 Invocations


You had one spell level left.
You didn't know any spells.

Dungeon Overview and Level Annotations

Branches:
Dungeon (2/15)

Altars:


Innate Abilities, Weirdness & Mutations

When hurt, damage is shared between your health and your magic reserves.


Message History

You hit the quokka.
You kill the quokka!
Lugonu accepts your kill.
You have reached level 2!
Your demonic ancestry asserts itself...
You feel your magical essence form a protective shroud around your flesh.
You see here a quokka corpse.
Unknown command.
You hit the frilled lizard.
You kill the frilled lizard!
Lugonu accepts your kill.
You hit the kobold.
The kobold is moderately wounded.
You block the kobold's attack.
Unknown command.
You closely miss the kobold.
The kobold is moderately wounded.
The kobold hits you but does no damage.
Unknown command.
Are you sure you want to abandon this character and quit the game? (Confirm with "yes".)

.........## #.........
.........#
#...........
####.....#
#......!....
#....w####...........
######...............
#######'##............
.........#............
.........#....K.......
.........##..w@.......
.........#####'#####..
.........'...### #.#
.........###.# #.#
.........# #.# #.#
########## #.# #.# #.#
#.# ####### #.#
#.###.....#
#.#######.......#.#


You could see a worm and a kobold.

Vanquished Creatures
  A quokka (D:2)
  3 bats (D:1)
  2 frilled lizards (D:2)
  2 kobolds
  4 rats (D:1)
12 creatures vanquished.

Notes
Turn   | Place    | Note
-------+----------+-------------------------------------------
     0 | Abyss:1  | Gargoyl the Demonspawn Abyssal Knight began the quest for the Orb.
     0 | Abyss:1  | Reached XP level 1. HP: 18/18 MP: 2/2
    71 | Abyss:2  | Noticed a quasit
    71 | Abyss:2  | Noticed a starcursed mass
   111 | Abyss:4  | Noticed a small abomination
   116 | Abyss:4  | Noticed a wretched star
   117 | D:1      | Escaped the Abyss
   222 | D:1      | Reached * piety under Lugonu
   428 | D:1      | Reached skill level 1 in Dodging
   858 | D:2      | Gained mutation: When hurt, damage is shared between your health and your magic reserves. [demonic ancestry]
   858 | D:2      | Reached XP level 2. HP: 10/24 MP: 3/3
   863 | D:2      | Quit the game

Skill      XL: |  1 |
---------------+----+-----
Dodging        | 1 |  1.0
Fighting       | |  3.4
Axes           | |  1.7
Armour         | |  1.9
Invocations    | |  2.4

Action                   || total
-------------------------++-------
Melee: Hand axe          ||    37
Invok: Depart the Abyss  ||     1
Armor: Chain mail        ||    44
Dodge: Dodged            ||     9
Block: Buckler           ||     6
